 Dungeon Crawl Stone Soup version 0.29.1-12-g30fa7ad0bf (webtiles) character file.

Game seed: 18255070714800555501

139 H0rd4k the Charlatan (level 5, 0/36 HPs)
             Began as an Octopode Artificer on Jan 9, 2023.
             Killed from afar by an orc wizard (8 damage)
             ... with a puff of flame
             ... on level 4 of the Dungeon.
             The game lasted 00:03:10 (3347 turns).

H0rd4k the Charlatan (Octopode Artificer)           Turns: 3347, Time: 00:03:10

Health: 0/36       AC:  1    Str: 12    XL:     5   Next: 22%
Magic:  8/8        EV: 13    Int: 15    God:
Gold:   173        SH:  0    Dex: 12    Spells: 8/8 levels left

rFire   . . .      SeeInvis .     - Unarmed
rCold   . . .      Faith    .   (no shield)
rNeg    . . .      Spirit   .   (helmet restricted)
rPois   .          Reflect  .   (no amulet)
rElec   .          Harm     .   (no ring)
rCorr   .          Rampage  .   (no ring)
Will    .....                   (no ring)
Stlth   +++.......              (no ring)
HPRegen 0.12/turn               (no ring)
MPRegen 0.11/turn               (no ring)
                                (no ring)
                                (no ring)

@: no status effects
A: almost no armour, amphibious, 8 rings, camouflage 1, gelatinous body 1,
(nimble swimmer 1), tentacles
a: no special abilities


You were on level 4 of the Dungeon.
You visited 1 branch of the dungeon, and saw 4 of its levels.

You collected 173 gold pieces.

Inventory:

Missiles
 p - 3 poisoned darts
Wands
 b - a wand of flame (1) (quivered)
 c - a wand of charming (13)
 d - a wand of iceblast (5)
Scrolls
 e - 3 scrolls of identify {unknown}
 f - 3 scrolls of noise {unknown}
 h - a scroll of poison {unknown}
 j - a scroll of teleportation {unknown}
 l - a scroll of enchant weapon {unknown}
 n - 2 scrolls of enchant armour {unknown}
 o - a scroll of butterflies {unknown}
 s - a scroll of vulnerability {unknown}
Potions
 a - a potion of curing
 g - a potion of lignification {unknown}
 i - a potion of might {unknown}
 k - a potion of invisibility {unknown}
 m - a potion of haste {unknown}
 q - a potion of mutation {unknown}
 r - a potion of flight {unknown}


   Skills:
 * Level 2.8 Fighting
 - Level 2.3 Dodging
 - Level 1.3 Stealth
 + Level 2.6 Unarmed Combat
 * Level 2.1 Spellcasting
 - Level 3.2 Evocations


You had 8 spell levels left.
You didn't know any spells.
Your spell library contained the following spells:

 Spells                   Type           Power      Damage    Failure   Level
 Magic Dart               Conj           4%         1d3       22%         1
 Call Imp                 Summ           1%         N/A       32%         2
 Ensorcelled Hibernation  Hex/Ice        2%         N/A       32%         2
 Passwall                 Tmut/Erth      0%         N/A       32%         2
 Mephitic Cloud           Conj/Pois/Air  1%         N/A       54%         3
 Swiftness                Air            1%         N/A       54%         3


Dungeon Overview and Level Annotations

Branches:
Dungeon (4/15)
 Temple: D:4-7

Altars:

Shops:
D:1 ?

Annotations:
D:1 exclusion: downstairs
D:2 Sigmund, Terence
D:4 exclusion: phantom


Innate Abilities, Weirdness & Mutations

You cannot wear most types of armour.
You are amphibious.
You can wear up to eight rings at the same time.
Your skin changes colour to match your surroundings (Stealth+).
Your rubbery body absorbs attacks. (AC +1, EV +1)
((You are camouflaged when in or above water. (Stealth+)))
You have tentacles for arms and can constrict up to eight enemies at once.


Message History

Found a scroll labelled LUASICSIO.
A quokka comes into view.
You tentacle-slap the dart slug. You grab the dart slug.
The dart slug is moderately wounded.
You constrict the dart slug. The dart slug bites you.
You tentacle-slap the dart slug. You squeeze the dart slug.
You kill the dart slug!
An orc wizard comes into view. It is wielding a +0 dagger.
Found a stone staircase leading up.
There are monsters nearby!
You tentacle-slap the quokka. Your grab misses the quokka.
The quokka is lightly wounded.
The orc wizard shouts!
You hear a shout!
The quokka closely misses you.
You tentacle-slap the quokka. Your grab misses the quokka.
Your squeeze misses the quokka.
The quokka is severely wounded.
The quokka completely misses you.
You barely miss the quokka. You grab the quokka.
The quokka is severely wounded.
You constrict the quokka, but do no damage.
The quokka bites you.
You tentacle-slap the quokka but do no damage.
You squeeze the quokka.
You kill the quokka!
The orc wizard gestures at you while chanting.
The puff of flame hits you!
The puff of flame misses the orc wizard.
The orc wizard casts a spell.
The orc wizard flickers and vanishes!
Deactivating autopickup; reactivate with Ctrl-A.
No target in view!
A magic dart appears from out of thin air!
The magic dart hits you.
A puff of flame appears from out of thin air!
The puff of flame hits you!
* * * LOW HITPOINT WARNING * * *
A puff of flame appears from out of thin air!
The puff of flame hits you!
You die...

#..#......................
####.)..#.###..........{.....
.............................
.......#.####.........†.....#
..........#..................
.......#.....................
[..........................##
.............................
....>...###....†@########...#
........# ######..# ##..
........# ##.# . #)#.###..#
..# #.#.###..## #.#
#.#..##...#### ..
......#.#....# ###
........#....##
......###.....##


There were no monsters in sight!

Vanquished Creatures
  A hound (D:4)
  Jessica (D:2)
  3 adders
  A worm (D:3)
  2 dart slugs
  2 ball pythons
  5 endoplasms
  3 giant cockroaches
  A goblin (D:1)
  5 hobgoblins
  3 jackals (D:1)
  5 kobolds
  A quokka (D:4)
  9 bats
  2 frilled lizards
  5 rats
49 creatures vanquished.

Vanquished Creatures (collateral kills)
  A kobold (D:3)
1 creature vanquished.

Grand Total: 50 creatures vanquished

Notes
Turn   | Place    | Note
-------+----------+-------------------------------------------
     0 | D:1      | H0rd4k the Octopode Artificer began the quest for the Orb.
     0 | D:1      | Reached XP level 1. HP: 13/13 MP: 1/1
   484 | D:1      | Found a faded altar of an unknown god.
   496 | D:1      | Reached XP level 2. HP: 18/18 MP: 1/3
   527 | D:1      | Found Otasoem's Magic Scroll Emporium.
   556 | D:1      | Reached skill level 1 in Spellcasting
  1053 | D:1      | Reached XP level 3. HP: 13/24 MP: 4/4
  1737 | D:2      | Reached skill level 1 in Unarmed Combat
  1801 | D:2      | Noticed Sigmund
  1878 | D:2      | Noticed Jessica
  1889 | D:2      | Killed Jessica
  1890 | D:2      | Reached XP level 4. HP: 14/30 MP: 6/6
  2200 | D:2      | Noticed Terence
  2453 | D:3      | Noticed a water moccasin
  3213 | D:4      | Noticed a phantom
  3238 | D:4      | Reached XP level 5. HP: 25/36 MP: 8/8
  3347 | D:4      | Killed from afar by an orc wizard

Illustrated notes

Levels and vault maps discovered:
D:1:      dpeg_arrival_more_subterranean_lakeside_camping, layout_basic,
          shapermc_ecumenical_altar_mp_ritualfount, serial_shops,
          nicolae_shop_temple_entry_statues_fountains, minmay_tromino_mix6
D:2:      layout_loops_ring, uniq_sigmund, uniq_terence, uniq_jessica
D:3:      layout_basic
D:4:      layout_rooms

Skill      XL: |  1  2  3  4 |
---------------+-------------+-----
Spellcasting   | 1 2 |  2.1
Fighting       | 2 |  2.8
Unarmed Combat | 1 2 |  2.6
Dodging        | |  2.3
Stealth        | |  1.3
Evocations     | |  3.2

Action                   |  1- 3 |  4- 6 || total
-------------------------+-------+-------++-------
Melee: Unarmed           |    84 |    38 ||   122
       Constrict         |    23 |    12 ||    35
       Tentacles         |    21 |    11 ||    32
       Punch             |     2 |     1 ||     3
Evoke: Wand              |       |    16 ||    16
  Use: Potion            |       |     1 ||     1
 Stab: Sleeping          |    12 |     5 ||    17
       Distracted        |       |     1 ||     1
Armor: Skin              |    10 |       ||    10
Dodge: Dodged            |    62 |    24 ||    86
